 Dungeon Crawl Stone Soup version 0.23.0 (webtiles) character file.

Game seed: 5151795055737554778

26 LostNumber the Caller (level 2, 0/23 HPs)
             Began as a Draconian Summoner on Feb 17, 2019.
             Slain by a jackal (3 damage)
             ... on level 1 of the Dungeon.
             The game lasted 00:01:18 (765 turns).

LostNumber the Caller (Draconian Summoner)           Turns: 765, Time: 00:01:18

Health: 0/23       AC:  4    Str: 10    XL:     2   Next: 89%
Magic:  2/5        EV: 12    Int: 15    God:
Gold:   32         SH:  0    Dex: 11    Spells: 2/5 levels left

rFire    . . .     SeeInvis .   a - +0 mace
rCold    . . .     Gourm    .   (no shield)
rNeg     . . .     Faith    .   (armour unavailable)
rPois    .         Spirit   .   (helmet restricted)
rElec    .         Reflect  .   (no cloak)
rCorr    .         Harm     .   (no gloves)
MR       .....     Rnd*Tele +   (no boots)
Stlth    ++........             (no amulet)
HPRegen  0.07/turn              b - ring of teleportation (curse)
MPRegen  0.09/turn              (no ring)

@: no status effects
A: unfitting armour, cold-blooded, AC +4
a: no special abilities


You were on level 1 of the Dungeon.
You were not hungry.

You visited 1 branch of the dungeon, and saw 2 of its levels.

You collected 32 gold pieces.

Inventory:

Hand Weapons
 a - a +0 mace (weapon)
   (You found it on level 1 of the Dungeon)
Jewellery
 b - a cursed ring of teleportation (left hand)
   (You found it on level 1 of the Dungeon)
Scrolls
 d - a scroll of enchant armour {unknown}
 f - a scroll of remove curse {unknown}
 g - a scroll of random uselessness {unknown}
Potions
 h - a potion of berserk rage {unknown}
 i - a potion of flight {unknown}
 j - a potion of agility {unknown}
Comestibles
 c - a chunk of flesh
 e - 4 rations {!d}


   Skills:
 + Level 1.0 Fighting
 + Level 2.1 Dodging
 - Level 1.7 Stealth
 + Level 2.2 Spellcasting
 * Level 4.3 Summonings


You had 2 spell levels left.
You knew the following spells:

 Your Spells              Type           Power        Failure   Level  Hunger
a - Summon Small Mammal   Summ           ##..         3%          1    #......
x - Call Imp              Summ           ##......     5%          2    ###....

Your spell library contained the following spells:

 Spells                   Type           Power        Failure   Level  Hunger
 Call Canine Familiar     Summ           ##......     11%         3    ###....
 Summon Guardian Golem    Hex/Summ       #.......     26%         3    ###....
 Summon Ice Beast         Ice/Summ       #.......     65%         4    #####..
 Summon Lightning Spire   Summ/Air       #.......     65%         4    #####..


Dungeon Overview and Level Annotations

Branches:
Dungeon (2/15)

Altars:


Innate Abilities, Weirdness & Mutations

Your plain brown scales are hard. (AC +4)
You cannot fit into any form of body armour.
You are cold-blooded and may be slowed by cold attacks.


Message History

A jackal comes into view.
The jackal barks!
You hit the hobgoblin but do no damage.
You hear a bark!
The hobgoblin barely misses you.
A shadowy apparition takes form in the air.
The hobgoblin barely misses you.
A beastly little devil appears in a puff of flame.
The hobgoblin closely misses you.
Your shadow imp hits the jackal.
You don't have enough magic to cast that spell.
You hit the jackal.
You kill the jackal!
The jackal closely misses you.
The kobold hits you with a +0 short sword.
The hobgoblin misses you. The jackal bites you.
Your crimson imp closely misses the jackal.
Your shadow imp barely misses the jackal.
The hobgoblin hits you.
* * * LOW HITPOINT WARNING * * *
The kobold closely misses you. The jackal misses you.
Your crimson imp barely misses the jackal.
Your shadow imp barely misses the jackal.
The hobgoblin barely misses you.
The kobold hits you with a +0 short sword.
* * * LOW HITPOINT WARNING * * *
The jackal bites you.
* * * LOW HITPOINT WARNING * * *
Your crimson imp barely misses the jackal.
Your shadow imp closely misses the jackal.
The kobold hits you but does no damage.
A jackal comes into view.
Unknown command.
Your shadow imp barely misses the jackal.
The jackal bites you.
* * * LOW HITPOINT WARNING * * *
Your crimson imp misses the jackal.
The jackal misses you.
Your shadow imp gestures at the jackal.
The jackal barely resists.
Your crimson imp blinks!
There is a stone staircase leading up here.
The kobold misses you. The jackal barely misses you.
Your shadow imp gestures at the jackal.
The jackal writhes in agony.
You climb upwards.
There is a stone staircase leading down here.
The kobold misses you. The kobold misses you. The jackal closely misses you.
Unknown command.
The jackal bites you.
You die...

...........................###...
.......................[.........
........#...###............######
...(.......................#
..........................##
.....###.##.####..........#
##..##...##...##.....>....#
.#.##..######.##.h.########
...##.## #.#.@K.# ..###.#
####.#.#..# ......# #.........#
..##### #........### ..#
#..........# ..# #..........# ..#
#..........# ..# #.......#### ..#
#########


You could see a jackal and a kobold.

Vanquished Creatures
  A dart slug (D:1)
  2 leopard geckos (D:1)
  4 giant cockroaches
  A goblin (D:1)
  A hobgoblin (D:2)
  5 jackals
  2 bats (D:1)
  A rat (D:1)
17 creatures vanquished.

Vanquished Creatures (collateral kills)
  A bat (D:1)
  A goblin (D:1)
  A hobgoblin (D:1)
  A jackal (D:1)
  A rat (D:1)
5 creatures vanquished.

Grand Total: 22 creatures vanquished

Notes
Turn   | Place    | Note
-------+----------+-------------------------------------------
     0 | D:1      | LostNumber the Draconian Summoner began the quest for the
                  | Orb.
     0 | D:1      | Reached XP level 1. HP: 14/14 MP: 3/3
   183 | D:1      | Reached XP level 2. HP: 10/22 MP: 5/5
   348 | D:1      | Learned a level 2 spell: Call Imp
   538 | D:1      | Reached skill level 1 in Fighting
   765 | D:1      | Slain by a jackal

Skill      XL: |  1  2 |
---------------+-------+-----
Dodging        | 2 |  2.1
Fighting       | 1 |  1.0
Stealth        | |  1.7
Spellcasting   | |  2.2
Summonings     | |  4.3

Action                   || total
-------------------------++-------
Melee: Mace              ||    53
       Unarmed           ||     6
       Tailslap          ||     8
 Cast: Summon Small Mamm ||     5
       Call Imp          ||     5
  Use: Scroll            ||     1
 Stab: Sleeping          ||     3
Armor: Skin              ||    23
Dodge: Dodged            ||    69
